[ AOE2 MATCH · #513811292 ]
UnrankedArmenians vs Teutons
Player's team · LOSS
Rival team · WIN
[ REPLAY ANALYSIS · EXTRACTED FROM THE RECORDED GAME ]
Feudal
8:51
Castle
22:10
Imperial
36:19
| APM avg | 95.7 |
| APM peak | 169 |
| eAPM avg | 49.2 |
| Villagers / military | 151 / 85 |
Focus
⚔️ 62.4% · 🌾 37.6%
Composite Bowman ×38 · Skirmisher ×27 · Militia ×7 · Warrior Priest ×5 · Monk ×4 · Trebuchet (Packed) ×4
Feudal
9:15
Castle
21:09
Imperial
34:25
| APM avg | 70.4 |
| APM peak | 120 |
| eAPM avg | 37.3 |
| Villagers / military | 145 / 132 |
Focus
⚔️ 56.2% · 🌾 43.8%
Militia ×74 · Archer ×20 · Battering Ram ×11 · Ballestero montado ×8 · Knight ×7 · Monk ×4
Match map
Initial resources + every placement click. Lines = walls · curves = elevation contours. ◆ gold · ⬟ stone · ● berries · ✦ relic · ◌ wall gap
Your base· Open — unwalled flank
TAG_Sora Kuma's base· Open — 6t gap
Smoothed initial terrain · ◌ = detected wall gap · hover for details
Inputs per minute
— Oni.TheViper - - TAG_Sora Kuma
Build order — Oni.TheViper
First 150 of 376 actions detected
| 0:01 | Queue | Villager (Male) |
| 0:01 | Queue | Villager (Male) |
| 0:02 | Build | House |
| 0:02 | Build | House |
| 0:13 | Queue | Villager (Male) |
| 0:14 | Queue | Villager (Male) |
| 1:22 | Queue | Villager (Male) |
| 1:50 | Queue | Villager (Male) |
| 1:50 | Queue | Villager (Male) |
| 2:16 | Queue | Villager (Male) |
| 2:37 | Queue | Villager (Male) |
| 2:47 | Build | Mule Cart |
| 2:55 | Queue | Villager (Male) |
| 3:24 | Queue | Villager (Male) |
| 3:49 | Build | House |
| 3:52 | Queue | Villager (Male) |
| 4:04 | Queue | Villager (Male) |
| 4:31 | Queue | Villager (Male) |
| 4:33 | Queue | Villager (Male) |
| 5:05 | Queue | Villager (Male) |
| 5:07 | Build | Mill |
| 5:10 | Queue | Villager (Male) |
| 5:25 | Queue | Villager (Male) |
| 5:45 | Research | Loom |
| 5:45 | Research | Loom |
| 6:13 | Build | Barracks |
| 6:40 | Research | Feudal Age |
| 6:40 | Research | Feudal Age |
| 6:56 | Build | House |
| 7:07 | Queue | Militia |
| 7:07 | Queue | Militia |
| 7:19 | Build | Mule Cart |
| 7:27 | Queue | Militia |
| 7:27 | Queue | Militia |
| 7:43 | Build | House |
| 7:44 | Build | Palisade Wall |
| 7:52 | Queue | Militia |
| 7:52 | Queue | Militia |
| 8:31 | Queue | Villager (Male) |
| 8:51 | Age | Feudal Age |
| 8:51 | Research | Man-at-Arms (upgrade) |
| 8:52 | Research | Man-at-Arms (upgrade) |
| 8:58 | Build | Archery Range |
| 9:20 | Queue | Villager (Male) |
| 9:38 | Research | Long Swordsman (upgrade) |
| 9:38 | Research | Long Swordsman (upgrade) |
| 9:53 | Queue | Villager (Male) |
| 10:01 | Build | House |
| 10:04 | Queue | Skirmisher |
| 10:16 | Build | Farm |
| 10:17 | Build | Farm |
| 10:22 | Queue | Villager (Male) |
| 10:34 | Research | Arson |
| 10:34 | Research | Arson |
| 10:49 | Queue | Skirmisher |
| 11:02 | Build | Farm |
| 11:03 | Build | Farm |
| 11:04 | Queue | Villager (Male) |
| 11:11 | Build | House |
| 11:22 | Queue | Villager (Male) |
| 11:36 | Queue | Skirmisher |
| 11:38 | Build | Farm |
| 11:41 | Build | House |
| 11:49 | Build | House |
| 11:52 | Queue | Villager (Male) |
| 11:52 | Queue | Villager (Male) |
| 12:09 | Build | Farm |
| 12:11 | Build | Farm |
| 12:22 | Queue | Militia |
| 12:23 | Queue | Skirmisher |
| 12:31 | Build | Farm |
| 12:33 | Build | Farm |
| 12:46 | Queue | Skirmisher |
| 12:57 | Queue | Villager (Male) |
| 13:02 | Build | Farm |
| 13:15 | Queue | Villager (Male) |
| 13:30 | Queue | Villager (Male) |
| 13:41 | Queue | Villager (Male) |
| 13:51 | Build | Blacksmith |
| 13:55 | Queue | Villager (Male) |
| 14:14 | Build | Farm |
| 14:15 | Build | Farm |
| 14:36 | Queue | Villager (Male) |
| 14:40 | Research | Padded Archer Armor |
| 14:42 | Queue | Skirmisher |
| 14:42 | Queue | Skirmisher |
| 14:56 | Queue | Villager (Male) |
| 15:01 | Queue | Villager (Male) |
| 15:07 | Build | Farm |
| 15:10 | Build | House |
| 15:18 | Research | Fletching |
| 15:18 | Research | Fletching |
| 15:29 | Queue | Villager (Male) |
| 15:35 | Queue | Villager (Male) |
| 15:53 | Queue | Villager (Male) |
| 16:13 | Queue | Skirmisher |
| 16:29 | Build | Farm |
| 16:29 | Research | Horse Collar |
| 16:46 | Queue | Villager (Male) |
| 16:47 | Queue | Villager (Male) |
| 16:49 | Build | Farm |
| 16:50 | Build | Farm |
| 16:51 | Build | Farm |
| 17:01 | Build | Farm |
| 17:17 | Queue | Villager (Male) |
| 17:28 | Queue | Villager (Male) |
| 17:31 | Build | Mule Cart |
| 17:39 | Build | Farm |
| 17:50 | Research | Double-Bit Axe |
| 17:52 | Queue | Villager (Male) |
| 18:45 | Queue | Villager (Male) |
| 19:20 | Build | Farm |
| 19:30 | Research | Castle Age |
| 19:30 | Research | Castle Age |
| 19:41 | Build | Farm |
| 19:57 | Queue | Skirmisher |
| 20:26 | Queue | Skirmisher |
| 20:51 | Build | Farm |
| 20:56 | Queue | Skirmisher |
| 21:13 | Queue | Skirmisher |
| 21:38 | Queue | Skirmisher |
| 21:46 | Queue | Villager (Male) |
| 21:56 | Queue | Villager (Male) |
| 22:10 | Age | Castle Age |
| 22:11 | Build | Monastery |
| 22:13 | Queue | Villager (Male) |
| 22:15 | Queue | Villager (Male) |
| 22:18 | Build | Monastery |
| 22:21 | Research | Bow Saw |
| 22:22 | Research | Bow Saw |
| 22:22 | Queue | Villager (Male) |
| 22:33 | Build | Stone Wall |
| 22:36 | Queue | Villager (Male) |
| 22:41 | Queue | Villager (Male) |
| 22:43 | Research | Bodkin Arrow |
| 22:46 | Queue | Villager (Male) |
| 22:51 | Research | Leather Archer Armor |
| 23:16 | Queue | Villager (Male) |
| 23:25 | Queue | Skirmisher |
| 23:26 | Queue | Villager (Male) |
| 23:40 | Queue | Villager (Male) |
| 23:44 | Queue | Villager (Male) |
| 23:47 | Queue | Villager (Male) |
| 23:49 | Build | Town Center |
| 24:21 | Queue | Villager (Male) |
| 24:30 | Research | Elite Skirmisher (upgrade) |
| 24:31 | Research | Elite Skirmisher (upgrade) |
| 24:37 | Queue | Skirmisher |
| 24:50 | Build | Farm |
| 24:53 | Queue | Warrior Priest |
Build order — TAG_Sora Kuma
First 150 of 474 actions detected
| 0:00 | Queue | Villager (Male) |
| 0:00 | Queue | Villager (Male) |
| 0:02 | Build | House |
| 0:02 | Build | House |
| 0:07 | Queue | Villager (Male) |
| 0:16 | Queue | Villager (Male) |
| 0:16 | Queue | Villager (Male) |
| 1:35 | Queue | Villager (Male) |
| 1:36 | Queue | Villager (Male) |
| 1:36 | Queue | Villager (Male) |
| 2:12 | Build | Lumber Camp |
| 2:19 | Queue | Villager (Male) |
| 2:37 | Queue | Villager (Male) |
| 2:38 | Queue | Villager (Male) |
| 3:09 | Queue | Villager (Male) |
| 3:09 | Queue | Villager (Male) |
| 3:41 | Queue | Villager (Male) |
| 3:48 | Build | House |
| 4:08 | Queue | Villager (Male) |
| 4:39 | Build | Mill |
| 4:53 | Queue | Villager (Male) |
| 4:53 | Queue | Villager (Male) |
| 4:57 | Queue | Villager (Male) |
| 5:16 | Queue | Villager (Male) |
| 5:56 | Build | House |
| 6:18 | Research | Loom |
| 6:58 | Build | Barracks |
| 7:01 | Research | Feudal Age |
| 7:36 | Build | Palisade Wall |
| 7:37 | Build | Palisade Wall |
| 7:37 | Build | Palisade Wall |
| 7:38 | Build | Palisade Wall |
| 7:39 | Build | Palisade Wall |
| 8:04 | Build | House |
| 8:35 | Build | Mining Camp |
| 8:46 | Queue | Villager (Male) |
| 9:05 | Build | House |
| 9:10 | Build | Palisade Wall |
| 9:11 | Build | Palisade Wall |
| 9:13 | Build | Palisade Wall |
| 9:15 | Age | Feudal Age |
| 9:17 | Build | Palisade Wall |
| 9:18 | Build | Palisade Wall |
| 9:20 | Build | Palisade Wall |
| 9:21 | Build | Palisade Wall |
| 9:22 | Build | Archery Range |
| 9:25 | Queue | Villager (Male) |
| 9:26 | Queue | Spearman |
| 9:38 | Queue | Villager (Male) |
| 9:55 | Queue | Archer |
| 10:07 | Build | House |
| 10:07 | Queue | Villager (Male) |
| 10:20 | Queue | Villager (Male) |
| 10:24 | Build | House |
| 10:28 | Queue | Archer |
| 10:30 | Build | Palisade Wall |
| 10:42 | Queue | Villager (Male) |
| 10:55 | Build | Blacksmith |
| 11:13 | Queue | Villager (Male) |
| 11:15 | Build | House |
| 11:23 | Build | Farm |
| 11:30 | Queue | Archer |
| 11:33 | Build | Watch Tower |
| 11:40 | Research | Fletching |
| 11:42 | Queue | Skirmisher |
| 11:44 | Build | Farm |
| 11:45 | Queue | Villager (Male) |
| 12:02 | Queue | Villager (Male) |
| 12:06 | Build | House |
| 12:11 | Research | Double-Bit Axe |
| 12:15 | Queue | Archer |
| 12:35 | Queue | Villager (Male) |
| 12:39 | Build | Farm |
| 12:40 | Build | House |
| 12:45 | Queue | Archer |
| 12:49 | Queue | Villager (Male) |
| 12:57 | Build | Farm |
| 13:01 | Queue | Villager (Male) |
| 13:03 | Build | Farm |
| 13:07 | Build | Farm |
| 13:10 | Queue | Archer |
| 13:26 | Queue | Villager (Male) |
| 13:38 | Queue | Archer |
| 14:01 | Build | Archery Range |
| 14:20 | Build | Farm |
| 14:33 | Queue | Villager (Male) |
| 14:35 | Build | House |
| 14:36 | Queue | Archer |
| 14:39 | Queue | Skirmisher |
| 14:58 | Build | Farm |
| 15:00 | Build | Farm |
| 15:04 | Queue | Villager (Male) |
| 15:07 | Build | Farm |
| 15:09 | Build | Farm |
| 15:10 | Queue | Archer |
| 15:16 | Queue | Archer |
| 15:22 | Build | Palisade Wall |
| 15:26 | Build | Palisade Wall |
| 15:28 | Build | Palisade Wall |
| 15:34 | Queue | Villager (Male) |
| 15:34 | Queue | Villager (Male) |
| 15:43 | Queue | Skirmisher |
| 15:51 | Queue | Archer |
| 16:08 | Queue | Villager (Male) |
| 16:10 | Build | Farm |
| 16:19 | Queue | Archer |
| 16:22 | Queue | Archer |
| 16:28 | Build | Lumber Camp |
| 16:43 | Queue | Archer |
| 16:46 | Queue | Villager (Male) |
| 16:58 | Queue | Villager (Male) |
| 17:01 | Build | Market |
| 17:08 | Queue | Archer |
| 17:30 | Queue | Villager (Male) |
| 17:44 | Build | Farm |
| 17:45 | Build | Farm |
| 17:47 | Build | Farm |
| 17:54 | Build | Stable |
| 18:30 | Research | Castle Age |
| 18:50 | Queue | Villager (Male) |
| 18:51 | Queue | Archer |
| 19:03 | Build | House |
| 19:07 | Queue | Archer |
| 19:18 | Queue | Villager (Male) |
| 19:43 | Queue | Archer |
| 19:45 | Research | Gold Mining |
| 19:49 | Build | Mill |
| 19:56 | Build | Palisade Wall |
| 19:58 | Build | House |
| 20:09 | Queue | Archer |
| 20:11 | Research | Bloodlines |
| 20:17 | Build | Farm |
| 20:20 | Queue | Archer |
| 20:33 | Build | Farm |
| 20:42 | Research | Horse Collar |
| 21:06 | Queue | Villager (Male) |
| 21:09 | Age | Castle Age |
| 21:11 | Queue | Knight |
| 21:12 | Research | Crossbowman (upgrade) |
| 21:19 | Build | Monastery |
| 21:20 | Research | Bodkin Arrow |
| 21:27 | Build | Monastery |
| 21:36 | Build | Farm |
| 21:37 | Queue | Villager (Male) |
| 21:46 | Build | Farm |
| 21:51 | Queue | Knight |
| 21:55 | Build | House |
| 22:01 | Queue | Villager (Male) |
| 22:04 | Queue | Monk |
| 22:08 | Build | House |
Match timeline
| 6:13 | Oni.TheViper · first_building Barracks |
| 6:58 | TAG_Sora Kuma · first_building Barracks |
| 7:36 | TAG_Sora Kuma · wall_segment Palisade Wall x1 |
| 7:37 | TAG_Sora Kuma · wall_segment Palisade Wall x1 |
| 7:37 | TAG_Sora Kuma · wall_segment Palisade Wall x1 |
| 7:38 | TAG_Sora Kuma · wall_segment Palisade Wall x1 |
| 7:39 | TAG_Sora Kuma · wall_segment Palisade Wall x1 |
| 7:44 | Oni.TheViper · wall_segment Palisade Wall x1 |
| 8:51 | Oni.TheViper · age_up feudal |
| 8:58 | Oni.TheViper · first_building Archery Range |
| 9:10 | TAG_Sora Kuma · wall_segment Palisade Wall x1 |
| 9:11 | TAG_Sora Kuma · wall_segment Palisade Wall x1 |
| 9:13 | TAG_Sora Kuma · wall_segment Palisade Wall x1 |
| 9:15 | TAG_Sora Kuma · age_up feudal |
| 9:17 | TAG_Sora Kuma · wall_segment Palisade Wall x1 |
| 9:18 | TAG_Sora Kuma · wall_segment Palisade Wall x1 |
| 9:20 | TAG_Sora Kuma · wall_segment Palisade Wall x1 |
| 9:21 | TAG_Sora Kuma · wall_segment Palisade Wall x1 |
| 9:22 | TAG_Sora Kuma · first_building Archery Range |
| 10:30 | TAG_Sora Kuma · wall_segment Palisade Wall x1 |
| 15:22 | TAG_Sora Kuma · wall_segment Palisade Wall x7 |
| 15:26 | TAG_Sora Kuma · wall_segment Palisade Wall x8 |
| 15:28 | TAG_Sora Kuma · wall_segment Palisade Wall x3 |
| 17:54 | TAG_Sora Kuma · first_building Stable |
| 18:08 | TAG_Sora Kuma · first_market_buy 100 food |
| 18:21 | TAG_Sora Kuma · first_market_sell 100 wood |
| 19:56 | TAG_Sora Kuma · wall_segment Palisade Wall x1 |
| 21:09 | TAG_Sora Kuma · age_up castle |
| 21:19 | TAG_Sora Kuma · first_building Monastery |
| 22:10 | Oni.TheViper · age_up castle |
| 22:11 | Oni.TheViper · first_building Monastery |
| 22:15 | TAG_Sora Kuma · wall_segment Palisade Wall x1 |
| 22:33 | Oni.TheViper · wall_segment Stone Wall x1 |
| 31:07 | TAG_Sora Kuma · first_building Siege Workshop |
| 31:47 | Oni.TheViper · first_building Castle |
| 33:02 | Oni.TheViper · first_market_sell 100 wood |
| 34:25 | TAG_Sora Kuma · age_up imperial |
| 36:07 | TAG_Sora Kuma · first_building Castle |
| 36:13 | TAG_Sora Kuma · wall_segment Stone Wall x1 |
| 36:19 | Oni.TheViper · age_up imperial |
| 36:44 | Oni.TheViper · first_market_buy 100 wood |
| 41:55 | Oni.TheViper · resign |
[ AI ANALYSIS · 1 CREDIT ]
What really happened in this match?
Wolo.gg analyzes every decision: build order, eco, micro, common mistakes by bracket. Personalized analysis on WhatsApp or Discord in 30 seconds.
Civ guide
Armenians
Perfil
Jugador #196240